 Dungeon Crawl Stone Soup version 0.30.1-9-gdf580d7c3d (webtiles) character file.

Game seed: 15913290790056456198

50 jagang the Slasher (level 3, -1/30 HPs)
             Began as a Barachi Monk on Oct 25, 2023.
             Slain by a gnoll
             ... wielding a +0 spear
              (8 damage)
             ... on level 2 of the Dungeon.
             The game lasted 00:01:46 (1011 turns).

jagang the Slasher (Barachi Monk)                   Turns: 1011, Time: 00:01:47

Health: -1/30      AC:  2    Str: 12    XL:     3   Next: 79%
Magic:  3/3        EV: 13    Int: 10    God:
Gold:   55         SH:  0    Dex: 16    Spells: 2/2 levels left

rFire   . . .        a - +0 falchion
rCold   . . .        d - orb {light}
rNeg    . . .        b - +0 robe
rPois   .            (no helmet)
rElec   .            (no cloak)
rCorr   +            (no gloves)
SInv    .            (no boots)
Will    .....        (no amulet)
Stlth   +            i - ring of resist corrosion
HPRegen 0.25/turn    (no ring)
MPRegen 0.08/turn

%: no passive effects
@: glowing, slow
A: amphibious, slowness 1, strong legs 1, +LOS
a: Hop


You were on level 2 of the Dungeon.
You visited 1 branch of the dungeon, and saw 2 of its levels.

You collected 55 gold pieces.

Inventory:

Hand Weapons
 a - a +0 falchion (weapon)
Armour
 b - a +0 robe (worn)
 d - an orb of light (worn)
Jewellery
 i - a ring of resist corrosion (left hand)
Scrolls
 g - a scroll of enchant armour {unknown}
 j - a scroll of teleportation {unknown}
 k - a scroll of silence {unknown}
Potions
 c - a potion of ambrosia
 e - a potion of curing {unknown}
 f - a potion of resistance {unknown}
 h - 2 potions of heal wounds {unknown}


   Skills:
 + Level 4.1 Fighting
 * Level 4.5 Long Blades
 + Level 1.4 Armour
 + Level 3.7 Dodging


You had 2 spell levels left.
You didn't know any spells.
Your spell library contained the following spells:

 Spells                   Type           Power      Damage    Failure   Level
 Magic Dart               Conj           0%         1d3       36%         1
 Call Imp                 Summ           0%         N/A       50%         2
 Ignite Poison            Fire/Tmut/Pois 0%         N/A       75%         3
 Mephitic Cloud           Conj/Pois/Air  0%         N/A       75%         3
 Borgnjor's Revivificati  Necr           0%         N/A       100%        8
 Infestation              Necr           0%         N/A       100%        8


Dungeon Overview and Level Annotations

Branches:
Dungeon (2/15)

Altars:

Annotations:
D:1 1 transporter


Innate Abilities, Weirdness & Mutations

You are amphibious.
You cover ground slowly.
You can hop short distances.
You have an extended range of vision and can be seen from far away.


Message History

The endoplasm closely misses you.
You hit the endoplasm.
You kill the endoplasm!
No target in view!
A bat and a gnoll come into view.
The gnoll shouts!
A rat comes into view. 2 gnolls come into view.
Found 3 stones.
The gnoll shouts!
The bat hits you.
A gnoll comes into view. It is wielding a +0 spear.
The gnoll shouts!
You hit the bat.
The bat is moderately wounded.
You hear a shout!
The bat closely misses you. The bat barely misses you.
You slash the bat!
You kill the bat!
A hobgoblin comes into view.
You hit the rat.
You kill the rat!
A dart slug comes into view.
Found a stone staircase leading down.
The gnoll hits you from afar with a +0 spear.
You slash the gnoll!
The gnoll is heavily wounded.
The gnoll hits you from afar with a +0 spear.
The gnoll misses you.
You hit the gnoll.
The gnoll is almost dead.
The gnoll misses you. The gnoll closely misses you.
The gnoll hits you from afar with a +0 spear.
You slash the gnoll!
You kill the gnoll!
The gnoll hits you from afar with a +0 spear. x2
The gnoll hits you with a +0 spear.
* * * LOW HITPOINT WARNING * * *
The gnoll hits you from afar with a +0 spear!
You die...

##.................. .
....................
.. #..................
...
#.#####...######..#...
#...# ... #...#
####.##.## #...#
#......... #...####.#
#.......@# ##.###g#g#
#.# #g#g.. ...
#....... .#.#
#..##>##.# .#.# ....
.# # # #.. ..w.w.# #.
##... . #..g..


You could see 2 gnolls, a dart slug and a hobgoblin.

Vanquished Creatures
  A gnoll (D:2)
  A dart slug (D:1)
  4 bats
  2 endoplasms
  2 giant cockroaches (D:1)
  3 hobgoblins (D:1)
  7 jackals
  5 kobolds
  3 ball pythons (D:1)
  6 rats
34 creatures vanquished.

Notes
Turn   | Place    | Note
-------+----------+-------------------------------------------
     0 | D:1      | jagang the Barachi Monk began the quest for the Orb.
     0 | D:1      | Reached XP level 1. HP: 18/18 MP: 1/1
    80 | D:1      | Reached XP level 2. HP: 25/25 MP: 2/2
   365 | D:1      | Reached skill level 1 in Armour
   477 | D:1      | Reached XP level 3. HP: 26/30 MP: 3/3
   493 | D:1      | Got the Meditations on Shadowy Fire
  1011 | D:2      | Slain by a gnoll

Illustrated notes

Levels and vault maps discovered:
D:1:      spicycebolla_arrival_transporter_tutorial, layout_loops_ring,
          minivault_5
D:2:      layout_loops_cross

Skill      XL: |  1  2  3 |
---------------+----------+-----
Long Blades    | 4 |  4.5
Armour         | 1 |  1.4
Fighting       | 4 |  4.1
Dodging        | |  3.7

Action                     || total
---------------------------++-------
  Melee: Falchion          ||   100
 Armour: Robe              ||    22
  Dodge: Dodged            ||    88
